 Dungeon Crawl Stone Soup version 0.28-a0-94-g325244837d (webtiles) character file.

Game seed: 18083924272407476112

8848 Ezendos the Covert (level 11, -1/80 HPs)
             Began as an Octopode Fighter on Aug 7, 2021.
             Was an Initiate of Gozag.
             Slain by a six-headed hydra (9 damage)
             ... on level 10 of the Dungeon.
             The game lasted 00:32:20 (17215 turns).

Ezendos the Covert (Octopode Fighter)              Turns: 17215, Time: 00:32:21

Health: -1/80      AC:  3    Str: 24    XL:     11   Next: 37%
Magic:  0/17       EV: 15    Int: 13    God:    Gozag
Gold:   1654       SH: 12    Dex: 15    Spells: 8/18 levels left

rFire   + . .      SeeInvis +   b - +2 short sword (drain)
rCold   . . .      Faith    .   M - +0 kite shield
rNeg    . . .      Spirit   +   H - +2 hat
rPois   +          Reflect  .   w - amulet of guardian spirit
rElec   +          Harm     .   j - ring of see invisible
rCorr   .          Rampage  .   p - +6 ring of strength
Will    +....                   F - ring of willpower
Stlth   +++++.....              E - ring of protection from fire
HPRegen 0.23/turn               o - ring "Okeopaf" {rElec rPois Str+3 Dex+2}
MPRegen 0.15/turn               (no ring)
                                (no ring)
                                (no ring)

@: no status effects
A: almost no armour, amphibious, 8 rings, camouflage 1, gelatinous body 1,
(nimble swimmer 1), tentacles
a: Renounce Religion, Potion Petition, Call Merchant, Bribe Branch


You were on level 10 of the Dungeon.
You worshipped Gozag.
Gozag was most pleased with you.
You visited 2 branches of the dungeon, and saw 12 of its levels.

You collected 1751 gold pieces.
You paid 97 gold pieces to Gozag.

Inventory:

Hand Weapons
 a - a +2 dagger of venom
 b - a +2 short sword of draining (weapon)
 t - a +0 long sword
Missiles
 g - 2 throwing nets (quivered)
 m - 14 sling bullets
Armour
 H - a +2 hat (worn)
 M - a +0 kite shield (worn)
Jewellery
 j - a ring of see invisible (left tentacle)
 l - a ring of ice
 o - the ring "Okeopaf" (on tentacle) {rElec rPois Str+3 Dex+2}
   (You acquired it on level 9 of the Dungeon)

   [ring of poison resistance]

   Str:       It affects your strength (+3).
   Dex:       It affects your dexterity (+2).
   rElec:     It insulates you from electricity.
   rPois:     It protects you from poison.
 p - a +6 ring of strength (right tentacle)
 w - an amulet of guardian spirit (around mantle)
 B - an amulet of the acrobat
 E - a ring of protection from fire (on tentacle)
 F - a ring of willpower (on tentacle)
Wands
 f - a wand of polymorph (7)
 i - a wand of flame (9)
 L - a wand of acid (12)
Scrolls
 k - a scroll of summoning
 s - 2 scrolls of immolation
 u - a scroll of noise
 v - a scroll of vulnerability
 y - a scroll of enchant weapon
 z - a scroll of fog
 D - a scroll of magic mapping {unknown}
 G - a scroll of fear
 J - a scroll of identify
Potions
 c - 2 potions of might
 d - a potion of curing
 e - 2 potions of haste
 h - a potion of magic
 n - 6 potions of heal wounds
 q - a potion of flight {unknown}
 r - a potion of brilliance
 A - a potion of invisibility
 K - a potion of lignification {unknown}
Miscellaneous
 I - a phantom mirror (inert)


   Skills:
 * Level 9.5 Fighting
 - Level 3.1 Long Blades
 + Level 7.8 Dodging
 - Level 9.8 Stealth
 + Level 7.9 Shields
 - Level 4.0 Spellcasting
 - Level 4.0 Air Magic
 - Level 6.0 Poison Magic


You had 8 spell levels left.
You knew the following spells:

 Your Spells              Type           Power      Damage    Failure   Level
a - Corpse Rot            Necr/Air       N/A        N/A       32%         2
b - Poisonous Vapours     Pois/Air       30%        N/A       10%         2
A - Call Canine Familiar  Summ           2%         N/A       83%         3
B - Ozocubu's Armour      Ice            2%         N/A       83%         3

Your spell library contained the following spells:

 Spells                   Type           Power      Damage    Failure   Level
 Summon Small Mammal      Summ           8%         N/A       45%         1
 Sublimation of Blood     Necr           1%         N/A       58%         2
 Summon Guardian Golem    Hex/Summ       2%         N/A       83%         3
 Petrify                  Tmut/Erth      2%         N/A       99%         4
 Freezing Cloud           Conj/Ice/Air   3%         6-21      100%        5
 Irradiate                Conj/Tmut      1%         3d14      100%        5
 Metabolic Englaciation   Hex/Ice        1%         N/A       100%        5
 Simulacrum               Ice/Necr       1%         N/A       100%        6


Dungeon Overview and Level Annotations

Branches:
Dungeon (11/15)            Temple (1/1) D:5
   Lair: D:8-11         Orc: D:9-12

Altars:
Ashenzari
Cheibriados
Dithmenos
Elyvilon
Fedhas
Gozag
Hepliaklqana
Kikubaaqudgha
Makhleb
Nemelex Xobeh
Okawaru
Qazlal
Ru
Sif Muna
Trog
Uskayaw
Vehumet
Wu Jian
Xom
Yredelemnul
Zin
The Shining One

Annotations:
D:4 2 transporters


Innate Abilities, Weirdness & Mutations

You cannot wear most types of armour.
You are amphibious.
You can wear up to eight rings at the same time.
Your skin changes colour to match your surroundings (Stealth+).
Your rubbery body absorbs attacks. (AC +1, EV +1)
((You are camouflaged near water. (Stealth+)))
You have tentacles for arms and can constrict up to eight enemies at once.


Message History

You block the six-headed hydra's attack.
The six-headed hydra bites you but does no damage.
The six-headed hydra closely misses you.
The six-headed hydra bites you! The six-headed hydra bites you.
The six-headed hydra barely misses you.
The six-headed hydra closely misses you.
You block the six-headed hydra's attack.
You climb upwards.
There is a stone staircase leading down here.
Aiming: Mindburst
Press: ? - help, Shift-Dir - straight line, f - six-headed hydra
Aim: a six-headed hydra (moderately wounded, lightly drained, chance to affect: 34%)
The six-headed hydra's minds are blasted!!
Aiming: Mindburst
Press: ? - help, Shift-Dir - straight line, f/p - six-headed hydra
Aim: a six-headed hydra (heavily wounded, lightly drained, chance to affect: 34%)
The six-headed hydra easily resists.
The six-headed hydra bites you! x3
You block the six-headed hydra's attack. x3
Aiming: Mindburst
Press: ? - help, Shift-Dir - straight line, f/p - six-headed hydra
Aim: a six-headed hydra (heavily wounded, lightly drained, chance to affect: 34%)
The six-headed hydra easily resists.
You block the six-headed hydra's attack.
The six-headed hydra barely misses you. The six-headed hydra misses you.
The six-headed hydra bites you but does no damage.
The six-headed hydra closely misses you.
You block the six-headed hydra's attack.
Aiming: Mindburst
Press: ? - help, Shift-Dir - straight line, f/p - six-headed hydra
Aim: a six-headed hydra (heavily wounded, lightly drained, chance to affect: 34%)
The six-headed hydra easily resists.
The now-empty wand crumbles to dust.
The six-headed hydra bites you!
* * * LOW HITPOINT WARNING * * *
The six-headed hydra bites you!
* * * LOW HITPOINT WARNING * * *
The six-headed hydra bites you!
* * * LOW HITPOINT WARNING * * *
The six-headed hydra bites you!
You die...
Your body crumbles into a pile of gold.

###.............. #..........#
...........#.....## #..........#
.###########..##..## #..........#
.### ##.......^.# #..<.......#
...### #..#.#.#.#.# #........(.#
##...####..........######.#######
###....[..#.....#..## #.#
#######.......D>..####(### ####
#..#....@#..........####
.Yo######..[.......#.###..#....#
##.........#.#.#.#...###.#####.##
########......[...#[...........#
# ####.########.##.########
....####.##### #....#
#..........# ###..# ######.##.##
##..## #.#..# #....##


You could see a six-headed hydra (drained).

Vanquished Creatures
  Fannar (D:9)
  A two-headed ogre (D:9)
  A centaur zombie (D:10)
  A kobold demonologist (D:9)
  15 yaks
  2 wraiths
  3 wyverns
  Edmund (D:5)
  2 steam dragons
  An acid dragon (D:10)
  2 water moccasins
  3 orc warriors
  An ogre (D:7)
  A phantom (D:5)
  4 centaurs
  3 kobold brigands
  2 bullfrogs
  A gnoll sergeant (D:8)
  6 scorpions
  A water moccasin zombie (D:3)
  9 wights
  5 howler monkeys
  A vampire bat (D:6)
  2 bullfrog zombies (D:7)
  A jelly (D:6)
  4 orc priests
  2 bullfrog skeletons
  2 hounds
  2 iguanas (D:5)
  8 orc wizards
  A killer bee zombie (D:8)
  A howler monkey zombie (D:9)
  10 gnolls
  3 howler monkey skeletons
  7 adders
  A shadow imp (D:7)
  A white imp (D:5)
  2 ufetubi (D:5)
  2 dart slugs (D:2)
  25 orcs
  8 bats
  A bat skeleton (D:6)
  5 bat zombies (D:6)
  5 endoplasms
  4 giant cockroaches
  12 goblins
  5 hobgoblins
  8 jackals
  3 quokkas
  6 ball pythons
  8 frilled lizards
  25 kobolds
  6 rats
237 creatures vanquished.

Vanquished Creatures (collateral kills)
  A cyclops (D:9)
1 creature vanquished.

Vanquished Creatures (others)
  2 plants (D:2)
2 creatures vanquished.

Grand Total: 240 creatures vanquished

Notes
Turn   | Place    | Note
-------+----------+-------------------------------------------
     0 | D:1      | Ezendos the Octopode Fighter began the quest for the Orb.
     0 | D:1      | Reached XP level 1. HP: 16/16 MP: 1/1
    59 | D:1      | Reached skill level 1 in Stealth
   174 | D:1      | Reached XP level 2. HP: 19/21 MP: 2/2
   509 | D:1      | Reached XP level 3. HP: 25/26 MP: 3/3
  1311 | D:2      | Reached skill level 5 in Stealth
  1377 | D:2      | Reached XP level 4. HP: 31/31 MP: 4/4
  1655 | D:2      | Found a faded altar of an unknown god.
  1941 | D:3      | Reached XP level 5. HP: 13/36 MP: 5/5
  2448 | D:3      | Reached XP level 6. HP: 40/42 MP: 6/6
  3291 | D:4      | Found a transporter.
  3291 | D:4      | Found a sacrificial altar of Ru.
  3291 | D:4      | Noticed a two-headed ogre
  3291 | D:4      | Noticed a sky beast
  3656 | D:4      | Found a transporter.
  3660 | D:4      | Found a shimmering altar of Xom.
  3932 | D:4      | Reached XP level 7. HP: 46/46 MP: 7/7
  4018 | D:5      | Entered Level 5 of the Dungeon
  4033 | D:5      | Noticed Edmund
  4055 | D:5      | Killed Edmund
  4914 | D:5      | Found a staircase to the Ecumenical Temple.
  4928 | Temple   | Entered the Ecumenical Temple
  5033 | Temple   | Became a worshipper of Gozag Ym Sagoz the Greedy
  5220 | D:5      | Reached XP level 8. HP: 54/54 MP: 8/8
  5868 | D:6      | Reached skill level 5 in Fighting
  6352 | D:5      | Learned a level 2 spell: Poisonous Vapours
  6355 | D:5      | Learned a level 2 spell: Corpse Rot
  6595 | D:6      | Reached skill level 1 in Poison Magic
  6620 | D:6      | Reached skill level 1 in Air Magic
  6898 | D:6      | Found an ancient bone altar of Kikubaaqudgha.
  6912 | D:6      | Reached skill level 1 in Spellcasting
  7118 | D:6      | Reached skill level 5 in Shields
  7126 | D:6      | Reached skill level 5 in Dodging
  7126 | D:6      | Reached XP level 9. HP: 61/61 MP: 10/10
  8648 | D:8      | Reached skill level 5 in Poison Magic
  8713 | D:8      | Identified the +2 trident "Luuq" {protect, Int+5 Dex-2}
  9384 | D:9      | Noticed a two-headed ogre
 10301 | D:9      | Found a shadowy altar of Dithmenos.
 10439 | D:9      | Identified a scroll of acquirement
 10439 | D:9      | Acquired the ring "Okeopaf" {rElec rPois Str+3 Dex+2}
 10457 | D:9      | Found an ornate altar of the Wu Jian Council.
 10573 | D:9      | Reached XP level 10. HP: 69/69 MP: 14/14
 10633 | D:9      | Found a broken altar of Ashenzari.
 10836 | D:9      | Noticed a kobold demonologist
 13232 | D:9      | Killed a kobold demonologist
 13483 | D:10     | Entered Level 10 of the Dungeon
 13522 | D:10     | Noticed a two-headed ogre
 13523 | D:10     | Noticed Fannar
 14075 | D:10     | Noticed an unseen horror
 14768 | D:9      | Reached XP level 11. HP: 68/78 MP: 13/17
 14953 | D:10     | Noticed a cyclops
 14953 | D:10     | Noticed a manticore
 15056 | D:9      | Killed Fannar
 15839 | D:9      | Killed a two-headed ogre
 16130 | D:9      | Learned a level 3 spell: Call Canine Familiar
 16134 | D:9      | Learned a level 3 spell: Ozocubu's Armour
 16257 | D:11     | Noticed a five-headed hydra
 16451 | D:9      | Killed a cyclops
 17191 | D:11     | Noticed a six-headed hydra
 17215 | D:10     | Slain by a six-headed hydra

Illustrated notes

Levels and vault maps discovered:
D:1:      wander_arrival_estate, layout_loops_ring, serial_glass,
          glass_columns_a, glass_columns_a, glass_columns_b, glass_columns_a,
          glass_columns_b, glass_columns_c, glass_columns_c, glass_columns_a,
          glass_columns_a, glass_columns_b, dk_noncrumbling_4
D:2:      layout_basic, dreamdust_ecumenical_altar_grove,
          minmay_increasing_density
D:3:      layout_loops_corners, minmay_pentomino_pile
D:4:      layout_gridville, gammafunk_temple_overflow_arena
D:5:      layout_loops_ring, minmay_temple_entry_junction_2, uniq_edmund
D:6:      cheibrodos_quashed, layout_loops_ring, kennysheep_vampire_church,
          grunt_ministairs_1, minivault_25
D:7:      layout_basic
D:8:      layout_basic
D:9:      layout_basic, general_overflow_altar, lemuel_coloured_pillars_altar,
          cheibrodos_ashenzari_chains
D:10:     layout_rooms, st_stairs_2, minmay_bent, uniq_fannar
D:11:     nzn_winding_woodlands_cross [nzn_winding_woodlands_5x15_concentric,
          nzn_winding_woodlands_5x15_eye, nzn_winding_woodlands_5x15_default,
          nzn_winding_woodlands_5x15_twine,
          nzn_winding_woodlands_15x15_boxy_spiral], layout_rooms,
          dpeg_lair_monsters, portal_ice_cave_demonic_guard
Temple:   compressed_dpeg_circular_temple

Skill      XL: |  1  2  3  4  5  6  7  8  9 10 11 |
---------------+----------------------------------+-----
Stealth        | 2 3 5 6 8 9 |  9.8
Long Blades    | 3 |  3.1
Fighting       | 5 6 8 9 |  9.5
Dodging        | 5 6 7 |  7.8
Shields        | 5 7 |  7.9
Poison Magic   | 2 5 6 |  6.0
Air Magic      | 1 3 4 |  4.0
Spellcasting   | 1 3 4 |  4.0

Action                   |  1- 3 |  4- 6 |  7- 9 | 10-12 || total
-------------------------+-------+-------+-------+-------++-------
Melee: Long sword        |    62 |    77 |       |    31 ||   170
       Constrict         |    19 |    22 |    61 |    17 ||   119
       Tentacles         |     9 |    21 |    68 |    78 ||   176
       Dagger            |       |     4 |   237 |   155 ||   396
       Short sword       |       |       |       |    26 ||    26
 Cast: Poisonous Vapours |       |       |     7 |    46 ||    53
Evoke: Wand              |       |       |       |    10 ||    10
       Phantom mirror    |       |       |       |     1 ||     1
  Use: Potion            |     1 |     2 |     1 |     1 ||     5
       Scroll            |     1 |     4 |    12 |     4 ||    21
 Stab: Sleeping          |    15 |    18 |    21 |     1 ||    55
       Distracted        |       |     1 |     3 |       ||     4
Armor: Skin              |     8 |     5 |     9 |    21 ||    43
Dodge: Dodged            |    25 |    35 |    81 |   106 ||   247
Block: Kite shield       |    26 |    26 |    96 |   158 ||   306
       Rpst.: Long sword |    12 |    14 |       |     3 ||    29

Table legend: (Time is in decaauts)
 A = Elapsed time spent in this place.
 B = Non-inter-level travel time spent in this place.
 C = Inter-level travel time spent in this place.
 D = Time resting spent in this place.
 E = Time spent auto-exploring this place.
 F = Levels seen in this place.
 G = Mean time per level.
                   A        B        C        D        E       F      G
               +--------+--------+--------+--------+--------+-----+--------+
         Total |  17400 |  16209 |   1191 |   4796 |   7880 |  12 | 1450.0 |
       Dungeon |  17260 |  16069 |   1191 |   4796 |   7805 |  11 | 1569.1 |
        Temple |    139 |    139 |      0 |      0 |     75 |   1 |  139.0 |
               +--------+--------+--------+--------+--------+-----+--------+

Top non-repeatable levels by time:
     D:9: 3967 daAuts
     D:8: 3342 daAuts
     D:5: 1860 daAuts
     D:3: 1401 daAuts
    D:10: 1395 daAuts
     D:6: 1390 daAuts
     D:7: 1059 daAuts
     D:1: 943 daAuts
     D:4: 919 daAuts
     D:2: 911 daAuts
  Temple: 139 daAuts
    D:11: 68 daAuts
